 Dungeon Crawl Stone Soup version 0.23.0 (webtiles) character file.

Game seed: 4630603412151117945

6260 Gazerockf the Fighter (level 10, -5/87 HPs)
             Began as a Demonspawn Fighter on Feb 17, 2019.
             Was an Elder of Okawaru.
             Slain by an enormous slime creature (73 damage)
             ... on level 9 of the Dungeon.
             The game lasted 00:41:02 (8401 turns).

Gazerockf the Fighter (Demonspawn Fighter)          Turns: 8401, Time: 00:41:02

Health: -5/87      AC: 13    Str: 20    XL:     10   Next: 62%
Magic:  10/10      EV: 10    Int: 10    God:    Okawaru [****..]
Gold:   399        SH: 15    Dex: 15    Spells: 9/9 levels left

rFire    . . .     SeeInvis .   x - +2 falchion (slice)
rCold    + . .     Gourm    .   c - +0 shield
rNeg     . . .     Faith    .   L - +2 scale mail {rC+}
rPois    .         Spirit   .   (helmet restricted)
rElec    .         Reflect  +   B - +1 cloak {MR+}
rCorr    .         Harm     .   y - +0 pair of gloves
MR       +....                  (no boots)
Stlth    ..........             p - +4 amulet of reflection
HPRegen  0.24/turn              F - +2 ring of evasion
MPRegen  0.12/turn              N - +3 ring of dexterity

@: no status effects
A: horns 2, talons 2, powered by pain 1
a: Heroism, Renounce Religion


You were on level 9 of the Dungeon.
You worshipped Okawaru.
Okawaru was greatly pleased with you.
You were not hungry.

You visited 2 branches of the dungeon, and saw 10 of its levels.
You also visited: Sewer.

You collected 399 gold pieces.

Inventory:

Hand Weapons
 a - a +0 war axe
 d - a +0 fustibalus
 e - a +0 short sword of electrocution
 x - a +2 falchion of slicing (weapon)
 z - a +2 mace of protection
 C - a +0 mace of draining
 H - a cursed -2 club
Armour
 b - a +0 scale mail
 c - a +0 shield (worn)
 i - a +0 helmet
 m - a scarf of resistance
 w - a +0 leather armour of positive energy
 y - a +0 pair of gloves (worn)
 B - a +1 cloak of magic resistance (worn)
 L - a +2 scale mail of cold resistance (worn)
Jewellery
 p - a +4 amulet of reflection (around neck)
 q - an uncursed amulet of regeneration
 s - a +1 ring of protection
 D - a +3 amulet of reflection
 F - a +2 ring of evasion (left hand)
 N - a +3 ring of dexterity (right hand)
Scrolls
 g - 4 scrolls of immolation
 h - 10 scrolls of remove curse
 k - 4 scrolls of amnesia
 l - 2 scrolls of fear
 n - 3 scrolls of enchant armour
 u - 2 scrolls of noise
 G - a scroll of blinking
 K - 3 scrolls of identify
 M - a scroll of random uselessness
 O - a scroll of teleportation
Potions
 j - 2 potions of lignification {unknown}
 o - a potion of cancellation {unknown}
 r - 2 potions of magic {unknown}
 t - 2 potions of brilliance {unknown}
 v - 3 potions of curing
 A - 4 potions of flight {unknown}
 E - 2 potions of might
 I - 2 potions of heal wounds
Comestibles
 f - 18 rations
 J - 5 chunks of flesh


   Skills:
 - Level 11.0 Fighting
 * Level 7.2 Long Blades
 - Level 1.7 Axes
 + Level 6.5 Armour
 + Level 6.5 Shields


You had 9 spell levels left.
You didn't know any spells.
Your spell library contained the following spells:

 Spells                   Type           Power        Failure   Level  Hunger
 Sting                    Conj/Pois      #...         96%         1    ##.....
 Poisonous Vapours        Pois/Air       #.....       99%         2    ###....
 Mephitic Cloud           Conj/Pois/Air  #.......     100%        3    ####...
 Olgreb's Toxic Radiance  Pois           #.......     100%        4    #####..
 Venom Bolt               Conj/Pois      #.........   100%        5    ######.


Dungeon Overview and Level Annotations

Branches:
Dungeon (9/15)             Temple (1/1) D:4
   Lair: D:8-11         Orc: D:9-12

Altars:
Ashenzari
Cheibriados
Dithmenos
Elyvilon
Fedhas
Gozag
Hepliaklqana
Kikubaaqudgha
Makhleb
Nemelex Xobeh
Okawaru
Qazlal
Ru
Sif Muna
Trog
Uskayaw
Vehumet
Wu Jian
Xom
Yredelemnul
Zin
The Shining One

Shops:
D:9 :


Innate Abilities, Weirdness & Mutations

You have a pair of horns on your head.
You have razor-sharp toenails.
You sometimes gain a little power by taking damage.


Message History

The enormous slime creature is lightly wounded.
The enormous slime creature closely misses you.
You riposte.
Your shield and scale mail prevent you from hitting the enormous slime creature.
You claw the enormous slime creature.
You headbutt the enormous slime creature.
The enormous slime creature is lightly wounded.
You hit the enormous slime creature.
Your headbutt misses the enormous slime creature.
The enormous slime creature is lightly wounded.
The enormous slime creature hits you.
You hit the enormous slime creature.
You headbutt the enormous slime creature!
The enormous slime creature is moderately wounded.
You block the enormous slime creature's attack.
You hit the enormous slime creature. You claw the enormous slime creature!
The enormous slime creature is moderately wounded.
The enormous slime creature hits you!!!!
Ouch! That really hurt!
You die...

## .# .# <# ######
### )# #.#.. ..#
รท######.#.######.#
........#.#....#J#
.###(..........#@#
......#.#.#.####.#
.##...#.#.#......#
.#....#.#.########
##....#.#..
......#.###
...##.#.. ...##.###
...# .#


You could see an enormous slime creature.

Vanquished Creatures
  2 two-headed ogres (D:9)
  Grinder (D:6)
  5 hippogriffs
  A hungry ghost (D:8)
  Menkaure (D:6)
  A water moccasin (D:3)
  Duvessa (D:6)
  An ice beast (D:6)
  A black bear (D:6)
  3 orc warriors
  2 sky beasts
  A necrophage (D:9)
  A phantom (D:9)
  2 ogres
  A big kobold (Sewer)
  4 bullfrogs
  Blork the orc (D:6)
  Dowan (D:6)
  A scorpion (D:6)
  3 wights (D:9)
  A crimson imp (D:8)
  A bullfrog zombie (D:8)
  A jelly (D:7)
  A hound (D:8)
  10 orc wizards
  An orc priest (D:9)
  2 bullfrog skeletons
  3 iguanas
  3 worker ants
  2 hound skeletons
  A worker ant zombie (D:5)
  Robin (D:3)
  3 river rats (Sewer)
  8 adders
  3 shadow imps
  An ooze (D:4)
  An adder skeleton (D:7)
  7 worms
  2 dart slugs
  9 leopard geckos
  47 orcs
  8 giant cockroaches
  22 goblins
  11 hobgoblins
  11 jackals
  9 kobolds
  4 quokkas
  A ball python (D:3)
  16 bats
  5 frilled lizards
  A jackal zombie (D:5)
  A quokka skeleton (D:8)
  12 rats
243 creatures vanquished.

Vanquished Creatures (others)
  A centaur warrior (D:8)
  A centaur (D:7)
  A hound (D:7)
3 creatures vanquished.

Grand Total: 246 creatures vanquished

Notes
Turn   | Place    | Note
-------+----------+-------------------------------------------
     0 | D:1      | Gazerockf the Demonspawn Fighter began the quest for the
                  | Orb.
     0 | D:1      | Reached XP level 1. HP: 18/18 MP: 1/1
    49 | D:1      | Gained mutation: You sometimes gain a little power by
                  | taking damage. [demonic ancestry]
    49 | D:1      | Reached XP level 2. HP: 7/24 MP: 2/2
   365 | D:1      | Reached skill level 4 in Fighting
   384 | D:1      | Reached XP level 3. HP: 27/30 MP: 3/3
  1218 | D:2      | Reached XP level 4. HP: 38/38 MP: 4/4
  1282 | D:2      | Reached skill level 5 in Fighting
  1563 | D:3      | Noticed Robin
  1576 | D:3      | Killed Robin
  1643 | D:3      | Gained mutation: You have a pair of small horns on your
                  | head. [demonic ancestry]
  1643 | D:3      | Reached XP level 5. HP: 36/46 MP: 5/5
  1842 | D:3      | Noticed a water moccasin
  1862 | D:3      | Killed a water moccasin
  1862 | D:3      | Reached skill level 6 in Fighting
  2215 | D:3      | Reached XP level 6. HP: 33/53 MP: 6/6
  2687 | D:4      | Found a staircase to the Ecumenical Temple.
  2693 | Temple   | Entered the Ecumenical Temple
  3082 | D:4      | Reached skill level 7 in Fighting
  3118 | D:4      | Found a shadowy altar of Dithmenos.
  3462 | D:5      | Entered Level 5 of the Dungeon
  3709 | D:5      | Found a white marble altar of Elyvilon.
  3750 | D:5      | Found a glowing golden altar of the Shining One.
  3761 | D:5      | Found a shattered altar of Ashenzari.
  3764 | D:5      | Found an iron altar of Okawaru.
  3791 | D:5      | Became a worshipper of Warmaster Okawaru
  4180 | D:6      | Noticed Grinder
  4211 | D:6      | Killed Grinder
  4211 | D:6      | Reached * piety under Okawaru
  4211 | D:6      | Reached skill level 8 in Fighting
  4211 | D:6      | Gained mutation: You have a pair of horns on your head.
                  | [demonic ancestry]
  4211 | D:6      | Reached XP level 7. HP: 23/63 MP: 7/7
  4229 | D:6      | Noticed a hippogriff
  4239 | D:6      | Killed a hippogriff
  4239 | D:6      | Reached skill level 9 in Fighting
  4260 | D:6      | Found a glowing drain.
  4264 | Sewer    | Entered a sewer
  4557 | Sewer    | Found a glowing silver altar of Zin.
  4697 | D:6      | Reached XP level 8. HP: 72/72 MP: 8/8
  4755 | D:6      | Noticed Dowan
  4756 | D:6      | Noticed Duvessa
  4774 | D:6      | Killed Duvessa
  4774 | D:6      | Reached skill level 10 in Fighting
  4786 | D:6      | Killed Dowan
  5070 | D:6      | Found a deep blue altar of Sif Muna.
  5103 | D:6      | Found a sparkling altar of Nemelex Xobeh.
  5141 | D:6      | Reached ** piety under Okawaru
  5141 | D:6      | Reached skill level 11 in Fighting
  5148 | D:6      | Found a burning altar of Makhleb.
  5326 | D:6      | Noticed Menkaure
  5387 | D:6      | Killed Menkaure
  5528 | D:6      | Noticed Blork the orc
  5536 | D:6      | Killed Blork the orc
  5872 | D:7      | Gained mutation: You have sharp toenails. [demonic
                  | ancestry]
  5872 | D:7      | Reached XP level 9. HP: 74/81 MP: 9/9
  5917 | D:7      | Reached skill level 1 in Long Blades
  6181 | D:7      | Found an iron altar of Okawaru.
  6669 | D:8      | Noticed a centaur warrior
  6672 | D:8      | Killed a centaur warrior
  6672 | D:8      | Reached skill level 5 in Armour
  6672 | D:8      | Reached skill level 5 in Shields
  6721 | D:8      | Reached skill level 5 in Long Blades
  6885 | D:8      | Reached *** piety under Okawaru
  6885 | D:8      | Gained mutation: You have razor-sharp toenails. [demonic
                  | ancestry]
  6885 | D:8      | Reached XP level 10. HP: 81/87 MP: 10/10
  7106 | D:9      | Noticed a two-headed ogre
  7113 | D:9      | HP: 2/87 [two-headed ogre/+0 giant club (18)]
  7115 | D:9      | Killed a two-headed ogre
  7407 | D:9      | Found Vacsoi's Book Shop.
  7587 | D:9      | Noticed a two-headed ogre
  7603 | D:9      | Killed a two-headed ogre
  7603 | D:9      | Reached **** piety under Okawaru
  8401 | D:9      | Slain by an enormous slime creature

Skill      XL: |  1  2  3  4  5  6  7  8  9 10 |
---------------+-------------------------------+-----
Fighting       | 4 5 6 8 9 11 | 11.0
Armour         | 4 5 6 |  6.5
Shields        | 4 5 6 |  6.5
Long Blades    | 5 7 |  7.2
Axes           | |  1.7

Action                   |  1- 3 |  4- 6 |  7- 9 | 10-12 || total
-------------------------+-------+-------+-------+-------++-------
Melee: War axe           |   172 |   248 |       |       ||   420
       Headbutt          |       |    43 |    69 |    38 ||   150
       Mace              |       |    42 |   167 |       ||   209
       Falchion          |       |       |   117 |   117 ||   234
       Kick              |       |       |    43 |    54 ||    97
       Unarmed           |       |       |       |     7 ||     7
Invok: Heroism           |       |       |     1 |       ||     1
  Use: Potion            |       |     7 |     5 |     1 ||    13
       Scroll            |       |       |    15 |       ||    15
  Eat: Chunk             |     2 |     9 |     7 |     2 ||    20
       Ration            |       |       |     1 |     1 ||     2
Armor: Scale mail        |   140 |   124 |   137 |    30 ||   431
Dodge: Dodged            |    72 |    91 |    98 |    21 ||   282
Block: Shield            |   117 |   235 |   267 |    71 ||   690
       Reflection        |       |    14 |    18 |     2 ||    34
       Rpst.: Falchion   |       |       |    11 |     8 ||    19
